Map: Altitude LE

Players

Metamyth

  • Race: Zerg Zerg
  • League: Diamond
  • Spawn Location: 7:00

fdeasfyyyyy - Winner!

  • Race: Zerg Zerg
  • Spawn Location: 1:00

VOD

Have the link to the VOD?

Description

Time

  • Played on: Jan. 26, 2023, 8:34 p.m.
  • Length: 4:20
Show
View Real Time Build Order
Export as new Build Order

Metamyth Zerg 

Build Orders: Hatch First 

Get SALT Encoding   

  12  0:00  Drone  
  13  0:12  Overlord  
  13  0:17  Drone  
  14  0:30  Drone x2  
  16  0:49  Hatchery  
  15  0:52  Drone  
  15  0:56  Drone  
  17  0:59  Drone  
  18  1:09  Extractor  
  17  1:15  Spawning Pool  
  17  1:18  Drone  
  17  1:21  Drone  
  18  1:28  Drone  
  19  1:38  Drone  
  20  2:02  Queen x2  
  20  2:03  Zergling x6  
  27  2:14  Metabolic Boost  
  27  2:31  Zergling x2  
  25  2:48  Zergling x4  
  25  2:59  Zergling x2  
  25  3:00  Zergling x4  
  26  3:12  Zergling x4  
  26  3:21  Overlord x2  
  25  3:38  Queen  
  27  3:45  Zergling x2  
  27  3:46  Zergling x4  
  30  4:01  Zergling x2  
Show
View Real Time Build Order
Export as new Build Order

fdeasfyyyyy Zerg - Winner!

Build Orders: Pool First 

Get SALT Encoding   

  12  0:00  Drone  
  13  0:07  Extractor  
  12  0:24  Spawning Pool  
  11  0:30  Drone  
  11  0:35  Drone  
  13  0:52  Overlord  
  13  1:11  Zergling x6  
  13  1:13  Metabolic Boost  
  16  1:23  Zergling x2  
  17  1:29  Queen  
  19  1:34  Zergling x2  
  20  1:44  Zergling x2  
  21  1:55  Overlord  
  21  2:08  Zergling x2  
  22  2:18  Hatchery  
  21  2:23  Zergling x2  
  21  2:28  Zergling x2  
  23  2:39  Zergling x6  
  25  2:52  Zergling x4  
  26  3:02  Zergling x2  
  27  3:14  Zergling x2  
  27  3:19  Zergling x6  
  30  3:29  Queen  
  31  3:36  Zergling x4  
  32  3:43  Zergling x4  
  34  3:55  Zergling x4  
  36  3:57  Overlord  
Tags
 
League
Diamond
Matchup
ZvZ
Race
Zerg
Spawn Locations
Cross Positions
Add a new tag
Caveats
  • Supply blocks, unpowered buildings, or Contaminate may cause inaccurate times.
  • Supply counts are checked every 10 seconds.